[ AOE2 MATCH · #506648671 ]
UnrankedSicilians vs Sicilians
Player's team · WIN
Rival team · LOSS
[ REPLAY ANALYSIS · EXTRACTED FROM THE RECORDED GAME ]
Feudal
13:18
Castle
24:27
Imperial
—
| APM avg | 27.5 |
| APM peak | 77 |
| eAPM avg | 13.4 |
| Villagers / military | 46 / 14 |
Focus
⚔️ 16.7% · 🌾 83.3%
Serjeant ×12 · Spearman ×2 · Trade Cart ×1
Feudal
13:12
Castle
18:36
Imperial
—
| APM avg | 26.5 |
| APM peak | 58 |
| eAPM avg | 14.0 |
| Villagers / military | 54 / 6 |
Focus
⚔️ 17.3% · 🌾 82.7%
Knight ×5 · Battering Ram ×1
Match map
Initial resources + every placement click. Lines = walls · curves = elevation contours. ◆ gold · ⬟ stone · ● berries · ✦ relic · ◌ wall gap
Your base· Open — unwalled flank
mark's base· Open — unwalled flank
Smoothed initial terrain · ◌ = detected wall gap · hover for details
Inputs per minute
— Heztai - - mark
Build order — Heztai
123 actions detected in the replay
| 0:02 | Queue | Villager (Male) |
| 0:02 | Queue | Villager (Male) |
| 0:02 | Queue | Villager (Male) |
| 0:03 | Build | House |
| 0:05 | Build | House |
| 0:21 | Queue | Villager (Male) |
| 0:21 | Queue | Villager (Male) |
| 0:22 | Research | Loom |
| 1:33 | Queue | Villager (Male) |
| 1:33 | Queue | Villager (Male) |
| 1:55 | Build | Lumber Camp |
| 2:03 | Build | House |
| 2:06 | Build | House |
| 2:11 | Queue | Villager (Male) |
| 2:11 | Queue | Villager (Male) |
| 2:27 | Queue | Villager (Male) |
| 2:27 | Queue | Villager (Male) |
| 3:01 | Queue | Villager (Male) |
| 3:01 | Queue | Villager (Male) |
| 3:27 | Queue | Villager (Male) |
| 4:09 | Queue | Villager (Male) |
| 4:14 | Queue | Villager (Male) |
| 5:33 | Queue | Villager (Male) |
| 5:34 | Queue | Villager (Male) |
| 5:39 | Queue | Villager (Male) |
| 5:44 | Queue | Villager (Male) |
| 5:44 | Queue | Villager (Male) |
| 5:54 | Queue | Villager (Male) |
| 5:54 | Queue | Villager (Male) |
| 6:03 | Build | Mill |
| 7:40 | Queue | Villager (Male) |
| 7:41 | Queue | Villager (Male) |
| 7:53 | Queue | Villager (Male) |
| 8:21 | Queue | Villager (Male) |
| 8:47 | Build | Mining Camp |
| 8:56 | Queue | Villager (Male) |
| 8:57 | Queue | Villager (Male) |
| 9:09 | Build | Mill |
| 10:39 | Build | Mining Camp |
| 11:08 | Research | Feudal Age |
| 11:31 | Queue | Villager (Male) |
| 11:31 | Queue | Villager (Male) |
| 11:32 | Queue | Villager (Male) |
| 12:07 | Build | House |
| 12:09 | Build | House |
| 12:14 | Build | House |
| 12:15 | Build | House |
| 12:17 | Build | House |
| 12:22 | Build | Palisade Wall |
| 12:31 | Build | House |
| 12:34 | Build | House |
| 12:35 | Build | House |
| 13:13 | Build | House |
| 13:15 | Build | House |
| 13:18 | Age | Feudal Age |
| 13:23 | Build | Donjon |
| 13:27 | Build | House |
| 13:30 | Build | House |
| 13:37 | Build | House |
| 13:39 | Build | House |
| 13:42 | Build | House |
| 13:50 | Queue | Villager (Male) |
| 14:04 | Queue | Villager (Male) |
| 14:12 | Build | Farm |
| 14:13 | Build | Farm |
| 14:16 | Build | Farm |
| 14:20 | Queue | Villager (Male) |
| 14:32 | Build | Donjon |
| 14:34 | Queue | Serjeant |
| 14:34 | Queue | Serjeant |
| 15:27 | Build | Market |
| 15:50 | Queue | Villager (Male) |
| 15:51 | Queue | Villager (Male) |
| 15:51 | Queue | Villager (Male) |
| 15:51 | Queue | Villager (Male) |
| 15:51 | Queue | Villager (Male) |
| 15:58 | Build | Farm |
| 16:25 | Build | Donjon |
| 16:40 | Queue | Serjeant |
| 16:40 | Queue | Serjeant |
| 16:40 | Queue | Serjeant |
| 17:13 | Build | Donjon |
| 17:20 | Queue | Villager (Male) |
| 17:20 | Queue | Villager (Male) |
| 17:26 | Build | Farm |
| 17:27 | Build | Farm |
| 17:35 | Build | Farm |
| 17:37 | Queue | Villager (Male) |
| 17:37 | Queue | Villager (Male) |
| 18:08 | Build | Mining Camp |
| 18:29 | Queue | Villager (Male) |
| 18:29 | Queue | Villager (Male) |
| 18:49 | Build | Donjon |
| 19:01 | Build | Farm |
| 19:04 | Build | Farm |
| 19:06 | Build | Farm |
| 19:07 | Build | Farm |
| 19:31 | Queue | Serjeant |
| 19:39 | Build | Donjon |
| 19:52 | Queue | Serjeant |
| 20:03 | Build | Farm |
| 20:04 | Build | Farm |
| 21:16 | Build | Blacksmith |
| 21:47 | Research | Castle Age |
| 22:06 | Build | House |
| 22:08 | Build | House |
| 22:29 | Queue | Serjeant |
| 22:30 | Queue | Serjeant |
| 22:30 | Queue | Serjeant |
| 22:51 | Research | Wheelbarrow |
| 22:57 | Build | House |
| 23:01 | Build | House |
| 23:20 | Queue | Spearman |
| 23:20 | Queue | Spearman |
| 23:47 | Build | Farm |
| 23:47 | Build | Farm |
| 23:58 | Build | House |
| 24:27 | Age | Castle Age |
| 26:24 | Build | Castle |
| 26:27 | Queue | Trade Cart |
| 26:30 | Queue | Serjeant |
| 26:30 | Queue | Serjeant |
| 27:18 | Build | Town Center |
Build order — mark
103 actions detected in the replay
| 0:00 | Queue | Villager (Male) |
| 0:01 | Queue | Villager (Male) |
| 0:01 | Queue | Villager (Male) |
| 0:02 | Build | House |
| 0:04 | Build | House |
| 0:51 | Queue | Villager (Male) |
| 0:51 | Queue | Villager (Male) |
| 0:51 | Queue | Villager (Male) |
| 2:12 | Queue | Villager (Male) |
| 2:12 | Queue | Villager (Male) |
| 2:12 | Queue | Villager (Male) |
| 2:13 | Queue | Villager (Male) |
| 2:16 | Build | Lumber Camp |
| 2:21 | Queue | Villager (Male) |
| 2:56 | Queue | Villager (Male) |
| 3:18 | Queue | Villager (Male) |
| 4:01 | Queue | Villager (Male) |
| 4:12 | Queue | Villager (Male) |
| 4:27 | Build | House |
| 4:36 | Build | Mill |
| 5:36 | Queue | Villager (Male) |
| 5:52 | Queue | Villager (Male) |
| 6:13 | Queue | Villager (Male) |
| 6:34 | Queue | Villager (Male) |
| 7:01 | Build | Mill |
| 7:05 | Build | Mining Camp |
| 7:12 | Queue | Villager (Male) |
| 7:36 | Queue | Villager (Male) |
| 7:47 | Build | Lumber Camp |
| 7:51 | Queue | Villager (Male) |
| 7:54 | Build | House |
| 7:55 | Build | House |
| 8:13 | Queue | Villager (Male) |
| 8:47 | Queue | Villager (Male) |
| 8:48 | Queue | Villager (Male) |
| 8:49 | Queue | Villager (Male) |
| 8:50 | Queue | Villager (Male) |
| 8:51 | Research | Loom |
| 9:29 | Build | Barracks |
| 10:08 | Research | Feudal Age |
| 10:25 | Build | Mill |
| 11:05 | Queue | Villager (Male) |
| 11:06 | Queue | Villager (Male) |
| 11:21 | Build | House |
| 11:22 | Build | House |
| 11:56 | Build | Farm |
| 11:58 | Build | Farm |
| 12:03 | Build | Farm |
| 12:05 | Build | Farm |
| 13:12 | Age | Feudal Age |
| 13:14 | Build | Blacksmith |
| 13:19 | Build | Stable |
| 13:40 | Queue | Villager (Male) |
| 13:43 | Build | Farm |
| 14:27 | Build | Stable |
| 14:31 | Queue | Villager (Male) |
| 14:47 | Build | Donjon |
| 15:01 | Build | Farm |
| 15:05 | Queue | Villager (Male) |
| 15:27 | Build | Farm |
| 15:51 | Build | House |
| 15:56 | Research | Castle Age |
| 16:04 | Build | Farm |
| 16:07 | Build | Farm |
| 17:05 | Build | Farm |
| 17:09 | Research | Bloodlines |
| 17:58 | Queue | Villager (Male) |
| 18:29 | Research | Scale Barding Armor |
| 18:35 | Build | House |
| 18:36 | Age | Castle Age |
| 18:40 | Queue | Knight |
| 18:40 | Queue | Knight |
| 18:40 | Queue | Knight |
| 19:06 | Queue | Knight |
| 19:06 | Queue | Knight |
| 20:02 | Build | Mining Camp |
| 20:03 | Queue | Villager (Male) |
| 21:25 | Build | Siege Workshop |
| 21:30 | Queue | Villager (Male) |
| 21:30 | Queue | Villager (Male) |
| 21:30 | Queue | Villager (Male) |
| 22:23 | Build | Farm |
| 22:54 | Queue | Villager (Male) |
| 22:54 | Queue | Villager (Male) |
| 22:55 | Queue | Villager (Male) |
| 22:55 | Queue | Villager (Male) |
| 22:55 | Queue | Villager (Male) |
| 22:55 | Queue | Villager (Male) |
| 23:47 | Queue | Villager (Male) |
| 23:47 | Queue | Villager (Male) |
| 23:47 | Queue | Villager (Male) |
| 23:47 | Queue | Villager (Male) |
| 23:47 | Queue | Villager (Male) |
| 23:55 | Build | Lumber Camp |
| 24:09 | Queue | Villager (Male) |
| 24:09 | Queue | Villager (Male) |
| 25:14 | Build | Castle |
| 25:36 | Queue | Villager (Male) |
| 25:37 | Queue | Villager (Male) |
| 25:56 | Queue | Battering Ram |
| 26:06 | Build | Town Center |
| 26:54 | Queue | Villager (Male) |
| 26:54 | Queue | Villager (Male) |
Match timeline
| 9:29 | mark · first_building Barracks |
| 12:22 | Heztai · wall_segment Palisade Wall x1 |
| 13:12 | mark · age_up feudal |
| 13:18 | Heztai · age_up feudal |
| 13:19 | mark · first_building Stable |
| 13:23 | Heztai · first_building Donjon |
| 14:47 | mark · first_building Donjon |
| 17:06 | Heztai · first_market_buy 100 stone |
| 18:36 | mark · age_up castle |
| 20:56 | Heztai · first_market_sell 100 wood |
| 21:25 | mark · first_building Siege Workshop |
| 24:27 | Heztai · age_up castle |
| 25:14 | mark · first_building Castle |
| 26:24 | Heztai · first_building Castle |
| 27:20 | mark · resign |
[ AI ANALYSIS · 1 CREDIT ]
What really happened in this match?
Wolo.gg analyzes every decision: build order, eco, micro, common mistakes by bracket. Personalized analysis on WhatsApp or Discord in 30 seconds.
Civ guide
Sicilians
Perfil
Heztai